 Dungeon Crawl Stone Soup version 0.20.0-10-g0535bb4 (console) character file.

77593 removed the Lord of Darkness (level 15, -2/169 HPs)
             Began as a Vampire Fire Elementalist on June 3, 2017.
             Was the Champion of Kikubaaqudgha.
             Slain by a dire flail of crushing (6 damage)
             ... on level 2 of the Orcish Mines.
             The game lasted 01:34:31 (32228 turns).

removed the Lord of Darkness (VpFE)                Turns: 32228, Time: 01:34:32

Health: -2/169     AC: 12    Str: 12    XL:     15   Next: 15%
Magic:  48/48      EV: 26    Int: 24    God:    Kikubaaqudgha [******]
Gold:   1845       SH:  0    Dex: 20    Spells: 4/36 levels left

rFire    . . .     SeeInvis +   w - +0 great sword (curse)
rCold    . . .     Gourm    .   (shield currently unavailable)
rNeg     + . .     Faith    .   T - +1 steam dragon scales
rPois    .         Spirit   .   E - +1 helmet
rElec    .         Reflect  .   (no cloak)
rCorr    .         Harm     .   C - +2 pair of gloves
MR       +....                  (no boots)
Stlth    ..........             u - amulet of rage
Regen    0.4/turn               W - ring of magical power
MPRegen  0.4/turn               p - ring of magical power

@: mighty, agile, berserking, very quick
A: fangs 3, see invisible, unbreathing
a: Bat Form, Receive Corpses, Torment, Brand Weapon With Pain, Receive
Necronomicon, Renounce Religion, Evoke Berserk Rage


You were on level 2 of the Orcish Mines.
You worshipped Kikubaaqudgha.
Kikubaaqudgha was exalted by your worship.
You were not thirsty.

You visited 4 branches of the dungeon, and saw 21 of its levels.

You collected 1845 gold pieces.

Inventory:

Hand Weapons
 a - a +3 dagger of electrocution
 s - a +0 scimitar
 w - a cursed +0 great sword (weapon)
 K - a +0 blowgun
 O - a +1 morningstar of draining
Missiles
 X - 8 curare-tipped needles
Armour
 C - a +2 pair of gloves (worn)
 E - a +1 helmet (worn)
 J - a +2 robe of positive energy
 T - +1 steam dragon scales (worn)
Magical Staves
 b - an uncursed staff of energy
 U - an uncursed staff of cold
Jewellery
 f - an uncursed ring of fire
 j - an uncursed ring of resist corrosion
 p - a ring of magical power (right hand)
 u - an amulet of rage (around neck)
 L - an uncursed ring of flight
 W - a ring of magical power (left hand)
Wands
 c - a wand of lightning (10/15)
 i - a wand of iceblast (10/15)
 n - a wand of iceblast (7/15)
 q - a wand of lightning (9/15)
 G - a wand of disintegration (12/24)
 R - a wand of iceblast (11/15)
 Z - a wand of disintegration (7/24)
Scrolls
 d - 9 scrolls of remove curse
 g - 4 scrolls of identify
 m - 2 scrolls of immolation
 x - a scroll of amnesia {unknown}
 y - a scroll of recharging
 A - 2 scrolls of enchant weapon
 B - a scroll of torment {unknown}
 D - 3 scrolls of fog
 F - a scroll of vulnerability {unknown}
 I - a scroll of teleportation
 M - a scroll of acquirement
 S - 2 scrolls of magic mapping
Potions
 h - 6 potions of flight
 k - 2 potions of agility
 l - 23 potions of blood
 o - 5 potions of curing
 r - a potion of haste
 t - 3 potions of brilliance
 v - 2 potions of mutation
 z - a potion of magic
 H - 2 potions of lignification
 Q - a potion of might
 V - a potion of ambrosia
 Y - a potion of cancellation
Books
 N - a book of Air

   Spells                             Type                      Level
   a - Shock                          Conjuration/Air              1
   b - Swiftness                      Charms/Air                   2
   c - Static Discharge               Conjuration/Air              3
   d - Airstrike                      Air                          4
   e - Lightning Bolt                 Conjuration/Air              5
 P - a Young Poisoner's Handbook

   Spells                             Type                      Level
   a - Sting                          Conjuration/Poison           1
   b - Poisonous Vapours              Poison/Air                   2
   c - Mephitic Cloud                 Conjuration/Poison/Air       3
   d - Olgreb's Toxic Radiance        Poison                       4
   e - Venom Bolt                     Conjuration/Poison           5


   Skills:
 - Level 9.0 Fighting
 + Level 7.0 Short Blades
 - Level 3.2 Armour
 - Level 11.0 Dodging
 - Level 3.0 Stealth
 - Level 11.0 Spellcasting
 - Level 6.0 Conjurations
 - Level 2.9 Charms
 - Level 16.0 Necromancy
 - Level 7.0 Fire Magic
 - Level 2.0 Air Magic


You had 4 spell levels left.
You knew the following spells:

 Your Spells              Type           Power        Failure   Level  Hunger
a - Flame Tongue          Conj/Fire      #####        1%          1    None
b - Conjure Flame         Conj/Fire      #####...     1%          3    None
c - Sticky Flame          Conj/Fire      #####...     3%          4    None
d - Vampiric Draining     Necr           ######....   1%          3    None
e - Bolt of Draining      Conj/Necr      ######....   1%          5    ####...
g - Agony                 Necr           ######..     1%          5    ####...
n - Animate Dead          Necr           N/A          1%          4    None
s - Swiftness             Chrm/Air       ####....     2%          2    None
u - Dispel Undead         Necr           ######..     1%          5    ####...


Dungeon Overview and Level Annotations

Branches:
Dungeon (12/15)            Temple (1/1) D:6            Lair (6/6) D:11
 Shoals (0/4) Lair:2       Spider (0/4) Lair:4          Orc (2/2) D:11
  Slime: Lair:5-6       Elf: Orc:2

Altars:
Ashenzari
Cheibriados
Dithmenos
Elyvilon
Fedhas
Gozag
Hepliaklqana
Kikubaaqudgha
Makhleb
Nemelex Xobeh
Okawaru
Qazlal
Sif Muna
Trog
Uskayaw
Vehumet
Yredelemnul
Zin
The Shining One

Shops:
D:7 }   D:9 (

Annotations:
D:8 exclusion: downstairs
Lair:6 exclusion: oklob plant


Innate Abilities, Weirdness & Mutations

You have razor-sharp teeth.
You have supernaturally acute eyesight. (SInv)
You can survive without breathing.


Message History

You feel yourself moving faster!
You feel mighty!
You feel quite a bit more thirsty. The dire flail of crushing hits you!
* * * LOW HITPOINT WARNING * * *
You slice the dire flail of crushing!!
The dire flail of crushing is severely damaged.
The dire flail of crushing hits you.
* * * LOW HITPOINT WARNING * * *
x2 The dire flail of crushing hits you!!
* * * LOW HITPOINT WARNING * * *
x2 You miss the dire flail of crushing.
Your bite misses the dire flail of crushing.
The dire flail of crushing is severely damaged.
The dire flail of crushing hits you.
* * * LOW HITPOINT WARNING * * *
x2 Unknown command.
You closely miss the dire flail of crushing.
The dire flail of crushing is severely damaged.
The dire flail of crushing hits you.
You die...
Kikubaaqudgha rasps: "You have failed me!
Welcome... oblivion!"

##........Z.....$....
#...........#.$.....$
##................#..
#...)..........#.## .
#..................
##..........##.#.##.
#..........# ####
#.........#...#
#......(@......#
#.............#..
##...........#.#.
#...........#....
##...........#...
#.........<.#....
##...............
..$............


You could see a dire flail of crushing.

Vanquished Creatures
  Rupert (Lair:3)
  Frances (D:12)
  Josephine (D:12)
  A fire dragon (Lair:5)
  A catoblepas (Lair:6)
  9 hydras
  An ice dragon (Lair:6)
  A two-headed ogre (D:8)
  6 death yaks
  Nergalle (Lair:2)
  Pikel (D:6)
  A lindwurm (Lair:6)
  3 ugly things
  3 cyclopes
  2 manticores
  11 elephants
  Joseph (D:10)
  A merfolk siren (Lair:2)
  5 black mambas
  5 torpor snails
  A centaur skeleton (D:12)
  A kobold demonologist (D:11)
  13 spiny frogs
  8 komodo dragons
  15 rime drakes
  A troll (D:12)
  11 polar bears
  8 hornets
  4 tyrant leeches (Lair:6)
  3 slime creatures (D:12)
  3 raiju (Lair:6)
  20 blink frogs
  6 hippogriffs
  2 shadows (D:12)
  40 yaks
  A redback (Lair:4)
  5 wraiths
  6 wyverns
  2 hungry ghosts
  2 hogs (D:12)
  12 steam dragons
  6 vampire mosquitoes (D:12)
  3 basilisks
  5 wargs
  12 water moccasins
  6 orc warriors
  14 hell hounds (Lair:6)
  14 porcupines
  13 black bears
  A hornet zombie (D:7)
  An eye of draining (D:11)
  5 sky beasts
  2 necrophages (D:11)
  An ice beast (D:10)
  2 phantoms
  3 ogres
  3 centaurs (D:11)
  37 wolves
  14 crocodiles
  18 bullfrogs
  3 big kobolds
  3 scorpions
  8 wights
  18 killer bees
  An electric eel (Lair:3)
  3 howler monkeys
  5 crimson imps
  2 hounds
  2 jellies
  2 bullfrog skeletons
  10 orc priests
  A quasit (D:12)
  Terence (D:2)
  5 iguanas
  15 orc wizards
  11 worker ants
  A killer bee zombie (D:9)
  2 hound skeletons
  Robin (D:4)
  6 gnolls
  16 adders
  4 shadow imps
  An ooze (D:4)
  An adder zombie (D:5)
  3 adder skeletons
  10 dart slugs
  3 worms
  6 leopard geckos
  61 orcs
  10 bats
  11 giant cockroaches
  15 goblins
  16 hobgoblins
  7 jackals
  26 kobolds
  10 quokkas
  3 ball pythons
  8 frilled lizards
  A giant cockroach zombie (D:1)
  A jackal skeleton (D:9)
  A jackal zombie (D:1)
  A leopard gecko zombie (D:5)
  13 rats
708 creatures vanquished.

Vanquished Creatures (others)
  2 slaves (D:6)
  A jelly (D:6)
  A worker ant (D:6)
  A gnoll (D:6)
  3 jackals (D:6)
  A bush (Lair:4)
  33 fungi
  40 plants
82 creatures vanquished.

Grand Total: 790 creatures vanquished

Notes
Turn   | Place    | Note
-------+----------+-------------------------------------------
     0 | D:1      | removed the Vampire Fire Elementalist began the quest for the Orb.
     0 | D:1      | Reached XP level 1. HP: 13/13 MP: 3/3
   132 | D:1      | Reached skill level 1 in Conjurations
   336 | D:1      | Reached XP level 2. HP: 19/19 MP: 3/5
  1104 | D:2      | Reached XP level 3. HP: 21/24 MP: 3/6
  1190 | D:2      | Learned a level 3 spell: Conjure Flame
  1261 | D:2      | Noticed Terence
  2163 | D:2      | Found a bloodstained altar of Trog.
  2318 | D:2      | Reached XP level 4. HP: 30/30 MP: 5/7
  2630 | D:3      | Found a snail-covered altar of Cheibriados.
  3398 | D:3      | Reached XP level 5. HP: 28/35 MP: 8/8
  4228 | D:4      | Noticed Robin
  4302 | D:4      | Reached XP level 6. HP: 37/41 MP: 9/9
  4418 | D:4      | Reached skill level 5 in Fire Magic
  4428 | D:4      | Killed Robin
  4943 | D:5      | Entered Level 5 of the Dungeon
  5085 | D:5      | Noticed a hornet
  5368 | D:5      | Found a blossoming altar of Fedhas.
  5386 | D:5      | Killed a hornet
  5386 | D:5      | Reached XP level 7. HP: 37/46 MP: 12/13
  5763 | D:5      | Found a white marble altar of Elyvilon.
  6049 | D:6      | Noticed Pikel
  6068 | D:6      | Killed Pikel
  6068 | D:6      | Reached XP level 8. HP: 52/52 MP: 5/15
  6113 | D:6      | Reached skill level 5 in Spellcasting
  6593 | D:6      | Found a staircase to the Ecumenical Temple.
  6599 | Temple   | Entered the Ecumenical Temple
  6667 | Temple   | Became a worshipper of Kikubaaqudgha
  7027 | D:7      | Found Abudoxuyc's Gadget Boutique.
  7607 | D:8      | Learned a level 4 spell: Sticky Flame
  7901 | D:9      | Reached * piety under Kikubaaqudgha
  7901 | D:9      | Identified Kikubaaqudgha's Papyrus of Black Rites (Kikubaaqudgha gifted it to you on level 9 of the Dungeon)
  7901 | D:9      | Received a gift from Kikubaaqudgha
  7910 | D:9      | Learned a level 3 spell: Vampiric Draining
  8173 | D:9      | Reached XP level 9. HP: 57/57 MP: 15/16
  8403 | D:8      | Noticed a two-headed ogre
  8459 | D:8      | Killed a two-headed ogre
  8459 | D:8      | Reached skill level 5 in Necromancy
  8722 | D:8      | Reached skill level 6 in Necromancy
  9175 | D:8      | Reached skill level 7 in Necromancy
  9185 | D:9      | Noticed a six-headed hydra
  9244 | D:9      | Reached skill level 1 in Fighting
  9328 | D:9      | Found Cisoz's Weapon Boutique.
  9363 | D:9      | Reached ** piety under Kikubaaqudgha
  9459 | D:9      | Reached XP level 10. HP: 61/70 MP: 17/17
  9588 | D:9      | Killed a six-headed hydra
  9637 | D:9      | Reached skill level 5 in Fighting
 10136 | D:9      | Found a hazy altar of Hepliaklqana.
 10136 | D:9      | Found an opulent altar of Gozag.
 10185 | D:10     | Entered Level 10 of the Dungeon
 10192 | D:10     | Reached skill level 5 in Conjurations
 10513 | D:10     | Noticed Joseph
 10689 | D:10     | Reached *** piety under Kikubaaqudgha
 10689 | D:10     | Identified Kikubaaqudgha's Handbook of Necromancy (Kikubaaqudgha gifted it to you on level 10 of the Dungeon)
 10689 | D:10     | Received a gift from Kikubaaqudgha
 10771 | D:10     | Learned a level 5 spell: Agony
 10792 | D:10     | Reached skill level 8 in Necromancy
 11007 | D:10     | Got a twisted cloak
 11013 | D:10     | Identified the cursed -3 cloak "Lyocallec" {+Inv rElec MR++ Dex-5} (You found it on level 10 of the Dungeon)
 11421 | D:10     | Killed Joseph
 11421 | D:10     | Reached skill level 9 in Necromancy
 11528 | D:11     | Found a staircase to the Lair.
 11827 | D:11     | Reached skill level 10 in Necromancy
 12143 | D:11     | Reached XP level 11. HP: 74/80 MP: 19/19
 12346 | D:11     | Reached **** piety under Kikubaaqudgha
 12701 | D:11     | Learned a level 5 spell: Dispel Undead
 13161 | D:11     | Found a staircase to the Orcish Mines.
 13202 | D:11     | Noticed a red ugly thing
 13212 | D:11     | Killed a red ugly thing
 13364 | Lair:1   | Entered Level 1 of the Lair of Beasts
 13598 | Lair:1   | Reached skill level 11 in Necromancy
 13626 | Lair:1   | Noticed a six-headed hydra
 13640 | Lair:1   | Killed a six-headed hydra
 14074 | Lair:1   | Noticed a six-headed hydra
 14081 | Lair:1   | Killed a six-headed hydra
 14081 | Lair:1   | Reached skill level 12 in Necromancy
 14745 | Lair:2   | Learned a level 5 spell: Bolt of Draining
 14863 | Lair:2   | Found a staircase to the Shoals.
 15126 | Lair:2   | Reached XP level 12. HP: 86/86 MP: 24/24
 15535 | Lair:2   | Noticed Nergalle
 15540 | Lair:2   | Killed Nergalle
 15782 | Lair:2   | Reached skill level 13 in Necromancy
 16367 | Lair:3   | Reached ***** piety under Kikubaaqudgha
 16988 | Lair:3   | Noticed Rupert
 17700 | Lair:4   | Found a hole to the Spider Nest.
 18212 | Lair:4   | Noticed a death yak
 18213 | Lair:4   | Noticed a death yak
 18214 | Lair:4   | Noticed a death yak
 18250 | Lair:4   | Killed a death yak
 18559 | Lair:4   | Reached skill level 14 in Necromancy
 18761 | Lair:4   | Killed a death yak
 18806 | Lair:4   | Killed a death yak
 19010 | Lair:4   | Reached XP level 13. HP: 91/96 MP: 25/26
 19358 | Lair:4   | Learned a level 4 spell: Animate Dead
 19444 | Lair:5   | Reached skill level 10 in Spellcasting
 20411 | Lair:5   | Noticed a fire dragon
 20416 | Lair:5   | Killed a fire dragon
 20569 | Lair:5   | Reached skill level 10 in Dodging
 21537 | Lair:5   | Reached skill level 1 in Armour
 21867 | Lair:6   | Entered Level 6 of the Lair of Beasts
 23013 | Lair:6   | Reached ****** piety under Kikubaaqudgha
 23319 | Lair:6   | Learned a level 2 spell: Swiftness
 23581 | Lair:6   | Reached skill level 15 in Necromancy
 23826 | Lair:6   | Reached skill level 1 in Charms
 23873 | Lair:6   | Reached skill level 1 in Air Magic
 23886 | Lair:6   | Reached XP level 14. HP: 105/105 MP: 28/28
 27585 | Lair:6   | Found a runed door.
 28419 | Lair:3   | Killed Rupert
 28419 | Lair:3   | Reached skill level 16 in Necromancy
 28447 | Lair:3   | Identified a scroll of acquirement
 28760 | D:2      | Killed Terence
 29105 | D:12     | Noticed Josephine
 29130 | D:11     | Reached skill level 1 in Short Blades
 29536 | D:12     | Killed Josephine
 30272 | D:12     | Reached XP level 15. HP: 107/113 MP: 28/30
 30516 | D:12     | Reached skill level 5 in Short Blades
 30709 | D:12     | Noticed Frances
 30731 | D:12     | Killed Frances
 31389 | Orc:1    | Entered Level 1 of the Orcish Mines
 31463 | Orc:2    | Entered Level 2 of the Orcish Mines
 32227 | Orc:2    | HP: 4/169 [dire flail of crushing (5)]
 32228 | Orc:2    | Slain by a dire flail of crushing

Skill      XL: |  1  2  3  4  5  6  7  8  9 10 11 12 13 14 15 |
---------------+----------------------------------------------+-----
Conjurations   | 1 2 3 4 5 6 |  6.0
Fire Magic     | 3 4 5 7 |  7.0
Spellcasting   | 4 5 8 9 10 11 | 11.0
Dodging        | 6 8 10 11 | 11.0
Necromancy     | 7 10 12 14 15 16 | 16.0
Fighting       | 3 5 7 8 9 |  9.0
Armour         | 3 |  3.2
Charms         | 1 2 |  2.9
Air Magic      | 1 2 |  2.0
Short Blades   | 4 7 |  7.0
Stealth        | |  3.0

Action                   |  1- 3 |  4- 6 |  7- 9 | 10-12 | 13-15 || total
-------------------------+-------+-------+-------+-------+-------++-------
Melee: Dagger            |    25 |     2 |    14 |    55 |   290 ||   386
       Bite              |       |       |     1 |     5 |    29 ||    35
       Staff             |       |       |       |       |     6 ||     6
       Great sword       |       |       |       |       |     3 ||     3
 Cast: Flame Tongue      |    97 |   186 |   187 |   444 |    81 ||   995
       Conjure Flame     |     1 |     3 |     4 |    11 |       ||    19
       Sticky Flame      |       |       |    21 |    87 |    87 ||   195
       Vampiric Draining |       |       |     1 |    28 |    40 ||    69
       Agony             |       |       |       |    38 |    98 ||   136
       Dispel Undead     |       |       |       |     6 |    10 ||    16
       Bolt of Draining  |       |       |       |    30 |   257 ||   287
       Animate Dead      |       |       |       |       |     2 ||     2
Invok: Receive Corpses   |       |       |       |       |     5 ||     5
 Abil: Evoke Berserk Rag |       |       |       |       |     1 ||     1
Evoke: Wand              |       |       |     5 |     2 |       ||     7
  Use: Potion            |    16 |    20 |    22 |    69 |    71 ||   198
       Scroll            |       |       |    19 |    11 |     9 ||    39
 Stab: Sleeping          |     1 |       |       |       |       ||     1
       Distracted        |       |       |       |       |     1 ||     1
Armor: Robe              |     8 |    19 |    24 |    55 |     3 ||   109
       Steam dragon scal |       |       |       |       |   189 ||   189
Dodge: Dodged            |    38 |    60 |   127 |   265 |   778 ||  1268
       Rpst.: Great sword |       |       |       |       |     3 ||     3
